 Dungeon Crawl Stone Soup version 0.21.1-1-g345015f (webtiles) character file.

8 tidbits the Insei (level 2, 0/23 HPs)
             Began as a Gnoll Transmuter on Feb 14, 2018.
             Slain by a kobold (4 damage)
             ... on level 1 of the Dungeon.
             The game lasted 00:01:11 (169 turns).

tidbits the Insei (Gnoll Transmuter)                 Turns: 169, Time: 00:01:11

Health: 0/23       AC:  2    Str: 12    XL:     2   Next: 8%
Magic:  6/7        EV: 14    Int: 15    God:
Gold:   9          SH:  0    Dex: 15    Spells: 7/10 levels left

rFire    . . .     SeeInvis .   i - +0 hand axe (drain)
rCold    . . .     Gourm    .   (no shield)
rNeg     . . .     Faith    .   b - +0 robe
rPois    .         Spirit   .   (no helmet)
rElec    .         Reflect  .   (no cloak)
rCorr    .         Harm     .   (no gloves)
MR       .....     Rnd*Tele +   (no boots)
Stlth    +.........             (no amulet)
HPRegen  0.07/turn              g - ring of teleportation (curse)
MPRegen  0.10/turn              (no ring)

@: appendage (expiring)
A: distributed training, fangs 1, horns 2, strong nose
a: End Transformation


You were on level 1 of the Dungeon.
You were not hungry.
You had grown temporary horns.
You visited 1 branch of the dungeon, and saw 1 of its levels.

You collected 9 gold pieces.

Inventory:

Hand Weapons
 i - a +0 hand axe of draining (weapon)
   (You found it on level 1 of the Dungeon)
Missiles
 a - 12 arrows
Armour
 b - a +0 robe (worn)
Jewellery
 g - a cursed ring of teleportation (left hand)
   (You found it on level 1 of the Dungeon)
Scrolls
 e - a scroll of amnesia {unknown}
 f - a scroll of enchant weapon {unknown}
 h - a scroll of magic mapping
Books
 c - a book of Changes

   Spells                             Type                      Level
   a - Beastly Appendage              Transmutation                1
   b - Sticks to Snakes               Transmutation                2
   c - Spider Form                    Transmutation/Poison         3
   d - Ice Form                       Ice/Transmutation            4
   e - Blade Hands                    Transmutation                5
Comestibles
 d - 2 rations


   Skills:
 + Level 2.4 Fighting
 + Level 0.2 Short Blades
 + Level 0.2 Long Blades
 + Level 0.2 Axes
 + Level 0.2 Maces & Flails
 + Level 0.2 Polearms
 + Level 0.2 Staves
 + Level 0.2 Slings
 + Level 0.2 Bows
 + Level 0.2 Crossbows
 + Level 0.2 Throwing
 + Level 0.2 Armour
 + Level 4.4 Dodging
 + Level 0.2 Stealth
 + Level 0.2 Shields
 + Level 6.4 Unarmed Combat
 + Level 4.9 Spellcasting
 + Level 0.1 Conjurations
 + Level 0.1 Hexes
 + Level 0.1 Charms
 + Level 0.1 Summonings
 + Level 0.1 Necromancy
 + Level 0.1 Translocations
 + Level 3.6 Transmutations
 + Level 0.1 Fire Magic
 + Level 0.1 Ice Magic
 + Level 0.1 Air Magic
 + Level 0.1 Earth Magic
 + Level 0.1 Poison Magic
 + Level 0.3 Invocations
 + Level 0.2 Evocations


You had 7 spell levels left.
You knew the following spells:

 Your Spells              Type           Power        Failure   Level  Hunger
e - Beastly Appendage     Tmut           ##....       3%          1    None
k - Sticks to Snakes      Tmut           ##......     5%          2    ##.....


Dungeon Overview and Level Annotations

Branches:
Dungeon (1/15)

Altars:


Innate Abilities, Weirdness & Mutations

Your experience applies equally to all skills.
You have very sharp teeth.
Your uncanny sense of smell can sniff out nearby items.
You have a pair of horns on your head.


Message History

The kobold barely misses you.
You punch the kobold!
You kill the kobold!
You hit the kobold.
You kill the kobold!
Things that are here:
a whip; a kobold corpse You see here a mace.
Your transformation is almost over.
Found a runed hand axe and 9 gold pieces.
Found a scroll labeled SITTEDGH XOCHA.
Unknown command.
You see here a scroll labeled SITTEDGH XOCHA.
h - a scroll labeled SITTEDGH XOCHA Your talons disappear.
You see here a runed hand axe.
i - a runed hand axe Wield which item (- for none, * to show all)? (? for menu, Esc to quit)
You sense an unholy aura.
i - a +0 hand axe of draining (weapon)
You see here 9 gold pieces.
You now have 9 gold pieces.
Found a scroll labeled SITTEDGH XOCHA.
A hobgoblin comes into view. It is wielding a club.
Found a leather armour.
Casting: Beastly Appendage
Confirm with . or Enter, or press ? or * to list all spells.
Your feet morph into talons.
A hobgoblin comes into view. It is wielding a club.
The hobgoblin shouts!
You see here a scroll labeled SITTEDGH XOCHA.
h - 2 scrolls labeled SITTEDGH XOCHA (gained 1)
You hit the hobgoblin but do no damage. Your bite misses the hobgoblin.
The hobgoblin closely misses you. The hobgoblin misses you.
You barely miss the hobgoblin. You hit the hobgoblin but do no damage.
You drain the hobgoblin! The hobgoblin misses you.
The hobgoblin closely misses you. The hobgoblin misses you.
You barely miss the hobgoblin. You hit the hobgoblin.
You kill the hobgoblin!
The hobgoblin barely misses you.
You hit the hobgoblin.
The hobgoblin is severely wounded.
The hobgoblin hits you with a club.
You hit the hobgoblin. You drain the hobgoblin!
You kill the hobgoblin!
Okay, then.
A hobgoblin comes into view.
You see here a club.
Casting: Beastly Appendage
Confirm with . or Enter, or press ? or * to list all spells.
You extend your transformation's duration.
A goblin comes into view.
The hobgoblin barely misses you.
You hit the hobgoblin but do no damage. You claw the hobgoblin.
The hobgoblin is moderately wounded.
The goblin shouts!
The hobgoblin hits you. x2
* * * LOW HITPOINT WARNING * * *
You barely miss the hobgoblin.
You kill the hobgoblin!
You have reached level 2!
Memorise Sticks to Snakes, consuming 2 spell levels and leaving 7?
You start memorising the spell.
You continue memorising. x2
You finish memorising.
Spell assigned to 'k'.
Your transformation is almost over.
The goblin hits you.
* * * LOW HITPOINT WARNING * * *
You closely miss the goblin. The goblin hits you but does no damage.
The goblin misses you.
You miss the goblin. Your kick misses the goblin.
You bite the goblin, but do no damage. The goblin misses you.
You hit the goblin.
You kill the goblin!
Your talons disappear.
A kobold comes into view.
Casting: Beastly Appendage
Confirm with . or Enter, or press ? or * to list all spells.
You grow a pair of large bovine horns.
You hit the kobold. Your headbutt misses the kobold.
The kobold is severely wounded.
The kobold hits you.
* * * LOW HITPOINT WARNING * * *
The kobold barely misses you.
You closely miss the kobold.
The kobold is severely wounded.
The kobold barely misses you.
You barely miss the kobold. Your punch misses the kobold.
The kobold is severely wounded.
Your transformation is almost over.
The kobold hits you.
* * * LOW HITPOINT WARNING * * *
You barely miss the kobold.
The kobold is severely wounded.
The kobold closely misses you.
You aren't carrying any potions.
Unknown command.
As you read the scroll labeled SITTEDGH XOCHA, it crumbles to dust.
You feel aware of your surroundings.
It was a scroll of magic mapping.
The kobold hits you.
You die...

,,,,,,,,,,,* **********∆***
######## * *,,,* #....... *
***,* #....... *
*****###,**********###....... *
*,,,,....,,,,,,,,,,.......... *
*,****#...,*******####....... *
***,***##....########..........
*
*,,>,,,......K@................
*
***,***##....########.........)
*****,****##.#** #..........
,,,,,,**,,..,* #..........
*****,**,#*,,* #..........
,,,,,,,*,**,,* #........[.
,****,,,,**,,* #.......... ,*
*,,****,,* ########### ,*
*,,*,,*,,*


You could see a kobold.

Vanquished Creatures
  A goblin (D:1)
  3 hobgoblins (D:1)
  A bat (D:1)
  2 kobolds (D:1)
7 creatures vanquished.

Notes
Turn   | Place    | Note
-------+----------+-------------------------------------------
     0 | D:1      | tidbits the Gnoll Transmuter began the quest for the Orb.
     0 | D:1      | Reached XP level 1. HP: 17/17 MP: 6/6
   146 | D:1      | Reached XP level 2. HP: 9/23 MP: 5/7
   150 | D:1      | Learned a level 2 spell: Sticks to Snakes
   169 | D:1      | Slain by a kobold

Action                   || total
-------------------------++-------
Melee: Hand axe          ||    14
       Unarmed           ||     4
       Kick              ||     3
       Bite              ||     1
 Cast: Beastly Appendage ||     5
  Use: Scroll            ||     1
Armor: Robe              ||     3
Dodge: Dodged            ||    15

Table legend:
 A = Turns spent in this place as a percentage of turns spent in the entire game.
 B = Non-inter-level travel turns spent in this place as a percentage of non-inter-level travel turns spent in the entire game.
 C = Inter-level travel turns spent in this place as a percentage of turns spent in this place.
 D = Turns resting spent in this place as a percentage of non-inter-level travel turns spent in this place.
 E = Turns spent auto-exploring this place as a percentage of non-inter-level travel turns spent in this place.
 F = Non-inter-level travel turns spent in this place divided by the number of levels of this place that you've seen.
                   A       B       C       D       E      F
               +-------+-------+-------+-------+-------+----------------------
         Total | 100.0 | 100.0 |   0.0 |   0.0 |   0.0 | 169.0
       Dungeon | 100.0 | 100.0 |   0.0 |   0.0 |   0.0 | 169.0
               +-------+-------+-------+-------+-------+----------------------

Table legend:
 A = Kills in this place as a percentage of kills in entire the game.
 B = Kills by you in this place as a percentage of kills by you in the entire game.
 C = Kills by friends in this place as a percentage of kills by friends in the entire game.
 D = Other kills in this place as a percentage of other kills in the entire game.
 E = Experience gained in this place as a percentage of experience gained in the entire game.
 F = Experience gained in this place divided by the number of levels of this place that you have seen.
                   A       B       C       D       E      F
               +-------+-------+-------+-------+-------+----------------------
         Total | 100.0 | 100.0 |   N/A |   N/A | 100.0 |  12.0
       Dungeon | 100.0 | 100.0 |   N/A |   N/A | 100.0 |  12.0
               +-------+-------+-------+-------+-------+----------------------

Vault maps used:
D:1:      dpeg_arrival_boxes_within_box
